 Dungeon Crawl Stone Soup version 0.32-a0-411-g744942f433 (webtiles) character file.

Game seed: 3692795586412048341

1666050 Daunt the Slayer (level 25, 237/237 HPs)
             Began as a Mountain Dwarf Gladiator on Feb 20, 2024.
             Was the Champion of Nemelex Xobeh.
             Escaped with the Orb
             ... and 3 runes on Feb 21, 2024!
             The game lasted 06:56:11 (67102 turns).

Daunt the Slayer (Mountain Dwarf Gladiator)        Turns: 67102, Time: 06:56:11

Health: 237/237    AC: 49    Str: 30    XL:     25   Next: 54%
Magic:  37/37      EV: 17    Int: 11    God:    Nemelex Xobeh [******]
Gold:   2507       SH: 30    Dex: 23    Spells: 23/42 levels left

rFire   + + .        a - +9 broad axe of Zizir {speed, rElec Dex+3}
rCold   + + +        O - +6 tower shield {AC+3}
rNeg    + . .        K - +12 gold dragon scales of the Pure Loving Tusks {^Contam rElec rPois rF+ rC+ Regen+ Dex+4}
rPois   +            L - +2 helmet of the Iron Devil {Will+ Regen+ Int-4 Dex+4}
rElec   +            I - scarf "Tyimiori" {rC+ rF+, rCorr Str+3 SInv}
rCorr   +            Q - +2 pair of gloves of Joivvuor {^Contam ^Drain rPois Int+4 Dex+3}
SInv    +            b - +3 pair of mountain boots {steadfast, rC+}
Will    +++..        T - amulet of guardian spirit Stlth
                     E - +5 ring of evasion
HPRegen 2.19/turn    U - ring of Jyeshrid {rF+ rN+}
MPRegen 0.25/turn

%: guardian spirit
@: studying Necromancy
A: runic magic, artefact enchanting, clumsy 1, heat vulnerability 1
0: Orb of Zot
}: 3/15 runes: serpentine, barnacled, silver
a: Renounce Religion, Draw Escape, Draw Destruction, Draw Summoning, Draw Stack,
Triple Draw, Deal Four, Stack Five


You escaped.
You worshipped Nemelex Xobeh.
Nemelex Xobeh was exalted by your worship.
You visited 8 branches of the dungeon, and saw 44 of its levels.
You visited the Abyss 1 time.
You visited 2 bazaars.
You also visited: Sewer, Bailey and Gauntlet.

You collected 7575 gold pieces.
You spent 5068 gold pieces at shops.

Inventory:

Hand Weapons
 a - the +9 broad axe of Zizir (weapon) {speed, rElec Dex+3}
   (You bought it in a shop on level 4 of the Snake Pit)

   Dex+3:     It affects your dexterity (+3).
   rElec:     It insulates you from electricity.
Missiles
 d - 11 throwing nets
 e - 11 javelins
 h - 21 atropa-tipped darts
 x - 3 darts of dispersal
 G - 12 curare-tipped darts
 J - 19 silver javelins (quivered)
 R - 36 boomerangs
 Y - 9 datura-tipped darts
Armour
 b - the +3 pair of mountain boots (worn) {steadfast, rC+}
   (You bought it in a shop in a bazaar)

   Steadfast: It prevents involuntary movement, except for blinking,
   teleportation, or banishment.
   rC+:       It protects you from cold.
 s - the scarf of Ytruril {rC+ rF+, Int+4}
   (You acquired it on level 1 of the Realm of Zot)

   Int+4:     It affects your intelligence (+4).
 I - the scarf "Tyimiori" (worn) {rC+ rF+, rCorr Str+3 SInv}
   (You acquired it on level 3 of the Depths)

   Str+3:     It affects your strength (+3).
   SInv:      It lets you see invisible.
   rCorr:     It protects you from acid and corrosion.
 K - the +12 gold dragon scales of the Pure Loving Tusks (worn) {^Contam rElec rPois rF+ rC+ Regen+ Dex+4}
   (You took it off an orc knight on level 5 of the Vaults)

   Dex+4:     It affects your dexterity (+4).
   rF+:       It protects you from fire.
   rC+:       It protects you from cold.
   rElec:     It insulates you from electricity.
   rPois:     It protects you from poison ^Contam: It causes magical
   contamination when unequipped.
   Regen+:    It increases your rate of health regeneration.
 L - the +2 helmet of the Iron Devil (worn) {Will+ Regen+ Int-4 Dex+4}
   (You found it in a Gauntlet)

   Int-4:     It affects your intelligence (-4).
   Dex+4:     It affects your dexterity (+4).
   Will+:     It increases your willpower.
   Regen+:    It increases your rate of health regeneration.
 O - a +6 tower shield of protection (worn)
 Q - the +2 pair of gloves of Joivvuor (worn) {^Contam ^Drain rPois Int+4 Dex+3}
   (You found it on level 13 of the Dungeon)

   Int+4:     It affects your intelligence (+4).
   Dex+3:     It affects your dexterity (+3).
   rPois:     It protects you from poison ^Contam: It causes magical
   contamination when unequipped.
   ^Drain:    It drains your maximum health when unequipped.
Jewellery
 B - a ring of willpower
 E - a +5 ring of evasion (left hand)
 T - an amulet of guardian spirit (around neck)
 U - the ring of Jyeshrid (right hand) {rF+ rN+}
   (You found it on level 4 of the Shoals)

   [ring of protection from fire]

   rF+:       It protects you from fire.
   rN+:       It protects you from negative energy.
Wands
 v - a wand of paralysis (36)
 y - a wand of mindburst (26)
 N - a wand of quicksilver (4)
 P - a wand of digging (7)
 V - a wand of iceblast (53)
Scrolls
 c - 10 scrolls of blinking
 k - 10 scrolls of fog
 m - 9 scrolls of revelation
 p - 12 scrolls of poison
 r - 6 scrolls of silence
 t - 11 scrolls of vulnerability
 u - 24 scrolls of teleportation
 z - 5 scrolls of summoning
 H - 12 scrolls of fear
Potions
 f - 2 potions of might
 g - 3 potions of ambrosia
 i - 6 potions of lignification
 l - 22 potions of curing
 n - 6 potions of cancellation
 o - a potion of mutation
 q - 2 potions of invisibility
 w - 16 potions of heal wounds
 A - 5 potions of attraction
 C - 4 potions of resistance
 M - 3 potions of magic
 S - 8 potions of enlightenment
 Z - 4 potions of haste
Miscellaneous
 j - a phantom mirror
 D - a box of beasts
 W - a lightning rod (4/4)
 X - a phial of floods


   Skills:
 + Level 21.8 Fighting
 - Level 15.9(18.0) Axes
 - Level 14.0(17.0) Maces & Flails
 - Level 10.0 Throwing
 + Level 18.5 Armour
 + Level 9.5 Dodging
 - Level 1.0 Stealth
 + Level 19.8 Shields
 - Level 9.0 Spellcasting
 - Level 11.0 Summonings
 - Level 10.0 Translocations
 - Level 12.0 Earth Magic
 + Level 21.1 Invocations
 - Level 10.0 Evocations


You had 23 spell levels left.
You knew the following spells:

 Your Spells              Type           Power      Damage    Failure   Level
b - Blink                 Tloc           52%        N/A       1%          2
g - Passage of Golubria   Tloc           26%        N/A       6%          4
l - Lesser Beckoning      Tloc           52%        N/A       1%          2
m - Manifold Assault      Tloc           26%        N/A       6%          4
n - Animate Armour        Summ/Erth      60%        N/A       3%          4
p - Passwall              Erth           31%        N/A       1%          3

Your spell library contained the following spells:

 Spells                   Type           Power      Damage    Failure   Level
 Sandblast                Erth           62%        2d14      1%          1
 Summon Small Mammal      Summ           100%       N/A       1%          1
 Call Canine Familiar     Summ           29%        N/A       1%          3
 Gell's Gravitas          Tloc           26%        N/A       1%          3
 Teleport Other           Tloc           26%        N/A       1%          3
 Momentum Strike          Conj/Tloc      30%        3d8       8%          2
 Stone Arrow              Conj/Erth      36%        3d9       10%         3
 Summon Ice Beast         Ice/Summ       17%        N/A       12%         3
 Volatile Blastmotes      Fire/Tloc      30%        2d12      16%         3
 Brom's Barrelling Bould  Conj/Erth      18%        2d4       32%         4
 Leda's Liquefaction      Alch/Erth      9%         N/A       32%         4
 Sting                    Conj/Alch      16%        1d4       36%         1
 Martyr's Knell           Necr/Summ      17%        N/A       38%         4
 Summon Blazeheart Golem  Fire/Summ      17%        N/A       38%         4
 Dimensional Bullseye     Hex/Tloc       7%         N/A       45%         4
 Iskenderun's Mystic Bla  Conj/Tloc      15%        2d5       45%         4
 Vhi's Electric Charge    Tloc/Air       30%        N/A       45%         4
 Cigotuvi's Dreadful Rot  Necr/Alch/Air  8%         N/A       52%         2
 Ensorcelled Hibernation  Hex/Ice        8%         N/A       52%         2
 Jinxbite                 Hex            8%         N/A       52%         2
 Mercury Vapours          Alch/Air       8%         N/A       52%         2
 Borgnjor's Vile Clutch   Necr/Erth      9%         N/A       67%         5
 Dispersal                Tloc           13%        N/A       69%         6
 Confusing Touch          Hex            4%         N/A       75%         3
 Hailstorm                Conj/Ice       4%         3d5       75%         3
 Inner Flame              Hex/Fire       4%         N/A       75%         3
 Mephitic Cloud           Conj/Alch/Air  4%         N/A       75%         3
 Ozocubu's Armour         Ice            4%         N/A       75%         3
 Swiftness                Air            4%         N/A       75%         3
 Tukima's Dance           Hex            4%         N/A       75%         3
 Dispel Undead            Necr           4%         3d7       98%         4
 Fulminant Prism          Conj/Alch      2%         3d5       98%         4
 Ignite Poison            Fire/Alch      4%         N/A       98%         4
 Olgreb's Toxic Radiance  Alch           4%         N/A       98%         4
 Summon Hydra             Summ           14%        N/A       98%         7
 Alistair's Intoxication  Alch           2%         N/A       100%        5
 Arcjolt                  Conj/Air       2%         1d12      100%        5
 Freezing Cloud           Conj/Ice/Air   2%         6-21      100%        5
 Metabolic Englaciation   Hex/Ice        2%         N/A       100%        5
 Yara's Violent Unravell  Hex/Alch       2%         3d3       100%        5
 Death Channel            Necr           2%         N/A       100%        6
 Eringya's Noxious Bog    Alch           2%         4d6       100%        6
 Plasma Beam              Fire/Air       2%         2x1d12    100%        6
 Sculpt Simulacrum        Ice/Alch       2%         N/A       100%        6
 Starburst                Conj/Fire      2%         6d3       100%        6
 Enfeeble                 Hex            2%         N/A       100%        7
 Disjunction              Tloc           13%        N/A       100%        8
 Maxwell's Capacitive Co  Air            2%         ∞         100%        8
 Chain Lightning          Conj/Air       2%         3d2       100%        9
 Fire Storm               Conj/Fire      2%         8d1       100%        9
 Shatter                  Erth           15%        3d15*     100%        9


Dungeon Overview and Level Annotations

Branches:
Dungeon (15/15)            Temple (0/1) D:5            Lair (5/5) D:9
 Shoals (4/4) Lair:2        Snake (4/4) Lair:2        Slime (0/5) Lair:5
    Orc (2/2) D:9             Elf (0/3) Orc:2        Vaults (5/5) D:13
  Crypt (0/3) Vaults:2     Depths (4/4) D:15            Zot (5/5) Depths:4
  Sewer (visited)          Bailey (visited)         Gauntlet (visited)

Altars:
Ashenzari
Cheibriados
Elyvilon
Fedhas
Hepliaklqana
Makhleb
Nemelex Xobeh
Okawaru
Qazlal
Ru
Sif Muna
Trog
Uskayaw
Vehumet
Xom
The Shining One
Beogh

Shops:
D:4 =?   D:9 (   D:14 [[   D:15 [?(   Orc:1 [   Orc:2 ![[=   Snake:4 (
Vaults:5 *   Depths:2 :   Depths:4 (

Portals:
Hell: Depths:1 Depths:2 Depths:3 Depths:4
Abyss: Depths:3
Pandemonium: Depths:1 Depths:2 Depths:4
Ziggurat: Depths:4

Annotations:
D:2 Sigmund
Abyss:1 Qeunemit's ghost, adept GrFi


Innate Abilities, Weirdness & Mutations

Your spellcasting is much less encumbered by armour.
You can use scrolls of enchantment on lesser artefacts.
You are clumsy. (Dex -2)
You are vulnerable to heat. (rF-)


Message History

You hit the great orb of eyes. The great orb of eyes gazes at you.
You resist with almost no effort. You block the Orb Guardian's attack.
You hit the Orb Guardian.
The Orb Guardian is almost dead.
You hit the great orb of eyes but do no damage.
You slash the Orb Guardian!
The Orb Guardian is almost dead.
You slice the great orb of eyes!! You block the Orb Guardian's attack.
You block the great orb of eyes's attack.
Unknown command.
You slice the Orb Guardian!!
You kill the Orb Guardian!
You hit the great orb of eyes but do no damage.
You slice the great orb of eyes!!
The great orb of eyes is severely wounded.
You block the great orb of eyes's attack.
You slice the great orb of eyes!!
You kill the great orb of eyes!
No target in view!
No target in view!
Unknown command.
A shadow demon comes into view.
You hit the shadow demon.
The shadow demon is lightly wounded.
You slice the shadow demon!!
The shadow demon is severely wounded.
You block the shadow demon's attack.
You slash the shadow demon!
The shadow demon is almost dead.
You slash the shadow demon!
You kill the shadow demon!
No target in view!
No target in view!
A red devil comes into view. It is wielding a +0 trident.
The red devil moves out of view.
Blink to where?
Press: ? - help, Dir - move target
As you read the scroll of blinking, it crumbles to dust.
You have escaped!

#.## #.## #.# # #.## #..#
###.# #..#####''###...#
####~~.......ß..# ######
#~~..~~~~~~.#.# #....#
#~..~~...~~~#.####....#
#~.~~..~..~~#.........#
#~.~~.~~~..~###..###.##
#~.~~.@.~~.~# ##.###.#
#~..~~~.~~.~# ##..##.##
#~~..~..~~.~# #........
#~~~...~~..~# #........
##.~~~~~~..~~# #........
##.ß.......~~## #........
#...###''########........
#.### #.....##...........
#.#####.....##.##........


There were no monsters in sight!

Vanquished Creatures
  3 dread liches (Zot:5)
  An ancient lich (Zot:5)
  3 orbs of fire (Zot:5)
  A juggernaut (Depths:3)
  A Killer Klown (Zot:5)
  Saint Roka (Vaults:1)
  2 curse toes
  6 golden dragons
  A bone dragon (Depths:4)
  A doom hound (Zot:1)
  4 electric golems
  Rupert (Orc:2)
  A walking crystal tome (Depths:2)
  The ghost of Qeunemit the Warrior, an adept GrFi of Okawaru (Vaults:3)
  11 tentacled monstrosities
  Mlioglotl (Shoals:1)
  5 quicksilver dragons
  A walking frostbound tome (Depths:3)
  21 Orb Guardians
  A walking earthen tome (Depths:4)
  A walking divine tome (Depths:3)
  6 sphinxes
  9 death cobs
  The ghost of Xedevy the Bewitcher, an adept KoEn of Dithmenos (Vaults:3)
  7 titans
  Polyphemus (Shoals:2)
  2 krakens (Shoals:3)
  6 shadow dragons
  Aizul (Snake:2)
  5 tengu reavers
  10 storm dragons
  6 nagarajas (Snake:4)
  9 protean progenitors
  7 draconian monks
  A draconian knight (Zot:2)
  7 draconian shifters
  5 fire giants
  7 draconian scorchers
  An iron dragon (Depths:1)
  2 deep elf sorcerers (Vaults:5)
  8 frost giants
  Louise (Snake:1)
  A balrug (Depths:1)
  An orc warlord (Vaults:2)
  11 ironbound preservers
  A draconian stormcaller (Zot:5)
  2 emperor scorpions
  6 vault wardens
  4 draconian annihilators
  3 ghost moths
  2 broodmothers (Zot:4)
  2 formless jellyfish (Vaults:4)
  A reaper (Zot:1)
  A spriggan defender (Depths:3)
  22 very ugly things
  13 stone giants
  2 vampire knights
  2 deep elf annihilators (Vaults:5)
  2 putrid mouths (Zot:1)
  4 green draconians
  5 ironbound thunderhulks
  2 deep elf demonologists
  A lorocyproca (Depths:4)
  2 demonspawn black suns (Zot:4)
  A deep elf death mage (Vaults:4)
  5 white draconians
  7 black draconians
  5 dire elephants
  3 war gargoyles
  A minotaur (Gauntlet)
  8 spark wasps
  5 red draconians
  5 purple draconians
  12 ettins
  8 yellow draconians
  8 merfolk impalers
  3 fire dragons
  10 yaktaur captains
  The ghost of Krumphau the Skirmisher, a journeyman CoHu of Hepliaklqana (D:13)
  A merfolk javelineer (Shoals:2)
  The ghost of Gonkerye the Skirmisher, a journeyman DgHu (D:14)
  An entropy weaver (Depths:1)
  8 rakshasas
  5 great orbs of eyes
  30 vault guards
  7 ice dragons
  A salamander tyrant (Snake:4)
  8 hydras
  5 anacondas
  2 deep elf high priests (Vaults:5)
  3 hell beasts
  Fannar (Orc:1)
  A catoblepas (D:13)
  2 ogre magi
  2 merfolk aquamancers
  A merfolk avatar (Shoals:4)
  6 boulder beetles
  4 spriggan air magi
  11 ironbound frosthearts
  2 jorogumos (Zot:5)
  7 tengu warriors
  8 centaur warriors
  A radroach (Depths:1)
  13 two-headed ogres
  9 naga warriors
  8 deep troll shamans
  7 death yaks
  5 orc high priests
  5 deep troll earth magi
  A spriggan berserker (Depths:3)
  10 naga sharpshooters
  2 vampire magi
  9 shock serpents
  6 skysharks
  3 soul eaters
  11 hell knights
  6 iron trolls
  2 skeletal warriors (D:14)
  2 shadow wraiths
  A spectral spark wasp (Depths:1)
  A sea snake (shapeshifter) (Vaults:3)
  Lodul (D:13)
  A flayed ghost (Depths:3)
  3 glowing orange brains
  6 naga ritualists
  An obsidian statue (Vaults:1)
  15 sea snakes
  An orb spider (shapeshifter) (Vaults:5)
  14 mana vipers
  9 arcanists
  A mana viper (shapeshifter) (Vaults:3)
  13 lindwurms
  2 shadow demons
  27 deep trolls
  5 necromancers
  7 orc knights
  5 phantasmal warriors (Vaults:5)
  A deep elf zephyrmancer (D:15)
  10 ironbound convokers
  30 harpies
  9 fauns
  3 salamanders
  44 ugly things
  2 wolf spiders
  5 orc sorcerers
  6 cyclopes
  20 elephants
  12 manticores
  31 moths of wrath
  7 merfolk sirens
  15 vault sentinels
  4 meliai (Zot:5)
  A rust devil (Depths:4)
  6 guardian serpents
  31 black mambas
  5 kobold blastminers
  13 centaur zombies
  4 gargoyles
  17 cane toads
  5 water nymphs
  A torpor snail (Lair:5)
  11 naga magi
  A smoke demon (Zot:1)
  2 centaur skeletons (D:15)
  An unseen horror (shapeshifter) (Depths:3)
  An unseen horror (D:11)
  8 komodo dragons
  A kobold demonologist (D:11)
  3 rime drakes
  23 yaktaurs
  4 tengu conjurers
  2 tormentors (Zot:1)
  A golden dragon simulacrum (Zot:3)
  4 trolls
  3 freezing wraiths
  21 merfolk
  4 polar bears
  2 glass eyes
  4 wind drakes
  5 hornets
  A dream sheep (shapeshifter) (Depths:4)
  12 blink frogs
  4 dream sheep (Lair:5)
  7 snapping turtles
  A snapping turtle (shapeshifter) (Vaults:5)
  2 draconian simulacra (Zot:3)
  26 slime creatures
  3 spriggans
  13 humans (D:13)
  3 shadows (D:11)
  A ynoxinul (Depths:4)
  11 water elementals
  7 vampires
  A warg (Orc:2)
  2 wraiths
  11 wyverns
  28 yaks
  Eustachio (D:4)
  5 basilisks
  A hog (shapeshifter) (D:14)
  2 steam dragons
  7 vampire mosquitoes (D:14)
  Menkaure (D:5)
  2 redbacks (Lair:5)
  Edmund (D:5)
  2 acid dragons
  35 nagas
  28 water moccasins
  Duvessa (D:5)
  29 orc warriors
  5 black bears
  2 sky beasts
  An ice beast (D:7)
  2 moth of wrath simulacra (Zot:3)
  An ettin simulacrum (D:14)
  5 laughing skulls
  A black bear (shapeshifter) (D:13)
  9 ogres
  5 boggarts
  43 wolves
  12 centaurs
  3 kobold brigands
  A phantom (D:5)
  11 bullfrogs
  5 gnoll sergeants
  4 scorpions
  7 killer bees
  An electric eel (Vaults:3)
  5 howler monkeys
  8 jellies
  10 hounds
  14 orc priests
  2 sleepcaps
  6 gnoll boudas
  4 iguanas
  29 orc wizards
  48 gnolls
  12 adders
  3 river rats
  2 ufetubi (D:7)
  2 dart slugs
  6 ribbon worms
  63 orcs
  9 ball pythons
  7 endoplasms
  7 giant cockroaches
  14 goblins
  13 hobgoblins
  5 jackals
  21 kobolds
  7 bats
  3 frilled lizards
  13 rats
  An aspiring flesh (Zot:1)
  3 spectral weapons (Vaults:5)
  8 tentacles (Shoals:3)
1746 creatures vanquished.

Vanquished Creatures (collateral kills)
  3 orbs of fire
  2 ancient liches (Vaults:5)
  A juggernaut (Depths:4)
  Josephina (Zot:3)
  3 curse toes
  Norris (Vaults:1)
  A bone dragon (Zot:1)
  A Tzitzimitl (Zot:1)
  2 doom hounds (Zot:1)
  4 tentacled monstrosities
  6 Orb Guardians (Zot:5)
  3 sphinxes
  Grunn (Zot:1)
  2 quicksilver dragons
  A lich (Vaults:3)
  Frances (D:13)
  A death cob (Zot:2)
  A shadow dragon (Vaults:5)
  A tengu reaver (Vaults:5)
  Ilsuiw (Shoals:2)
  4 storm dragons
  Donald (Snake:1)
  2 draconian monks
  4 protean progenitors
  5 nagarajas (Snake:4)
  4 draconian shifters
  3 frost giants
  A draconian scorcher (Zot:2)
  An emperor scorpion (Zot:2)
  6 vault wardens
  5 ironbound preservers
  A draconian stormcaller (Zot:4)
  An orc warlord (Orc:1)
  A spriggan defender (Depths:3)
  3 stone giants
  2 ironbound thunderhulks (Vaults:3)
  8 very ugly things
  2 black draconians (Zot:5)
  A vampire knight (D:14)
  A war gargoyle (Vaults:3)
  A white draconian (Zot:5)
  A purple draconian (Zot:5)
  2 dire elephants (Vaults:1)
  2 red draconians (Zot:5)
  2 yellow draconians
  A merfolk javelineer (Shoals:4)
  2 fire dragons
  An ettin (Depths:3)
  2 yaktaur captains
  3 ice dragons
  2 rakshasas
  5 vault guards
  A salamander tyrant (Snake:4)
  3 anacondas
  A peacekeeper (Vaults:3)
  An ironbound frostheart (Vaults:3)
  A catoblepas (Shoals:2)
  A spectral stone giant (D:14)
  2 merfolk avatars
  An alligator snapping turtle (Shoals:3)
  A satyr (Shoals:3)
  2 death yaks (Shoals:2)
  A deep troll earth mage (Depths:1)
  A deep troll shaman (Depths:3)
  7 naga sharpshooters
  3 naga warriors
  A spriggan berserker (Depths:3)
  A tengu warrior (D:13)
  2 orc high priests (Orc:2)
  A skyshark (shapeshifter) (Vaults:5)
  3 hell knights
  2 iron trolls
  4 skysharks
  6 deep trolls
  A sea snake (shapeshifter) (Vaults:2)
  A salamander mystic (Snake:4)
  3 arcanists
  A glowing orange brain (shapeshifter) (Vaults:1)
  A flayed ghost (Depths:3)
  2 naga ritualists
  3 mana vipers
  5 ironbound convokers
  2 lindwurms (Vaults:1)
  3 harpies
  2 necromancers
  7 orc knights
  3 ugly things
  2 manticores
  3 salamanders
  3 fauns
  2 guardian serpents (Snake:4)
  3 merfolk sirens (Shoals:2)
  6 vault sentinels
  A water nymph (shapeshifter) (Vaults:5)
  2 naga magi
  A moth of wrath (Zot:5)
  4 black mambas
  A cane toad (Lair:5)
  2 komodo dragons
  2 freezing wraiths
  2 yaktaurs
  8 merfolk
  A wind drake (Shoals:1)
  A glass eye (Depths:3)
  11 slime creatures
  A water elemental (Shoals:3)
  A snapping turtle (Zot:4)
  3 humans (D:13)
  A warg (Vaults:5)
  9 nagas
  A swamp worm (shapeshifter) (Vaults:5)
  3 orc warriors
  A hornet zombie (D:15)
  4 ogres
  A wolf (Lair:5)
  A boggart (Vaults:1)
  An orc priest (Orc:2)
  An orc wizard (Orc:2)
  3 orcs (Orc:2)
  2 aspiring fleshes (Zot:4)
285 creatures vanquished.

Vanquished Creatures (others)
  A vault guard (Vaults:5)
  A merfolk avatar (Shoals:1)
  A fire crab (Zot:5)
  Dowan (D:5)
  A gnoll (D:9)
  9 tentacles (Shoals:3)
14 creatures vanquished.

Grand Total: 2045 creatures vanquished

Notes
Turn   | Place    | Note
-------+----------+-------------------------------------------
     0 | D:1      | Daunt the Mountain Dwarf Gladiator began the quest for the
                  | Orb.
     0 | D:1      | Reached XP level 1. HP: 17/17 MP: 1/1
   180 | D:1      | Reached XP level 2. HP: 24/24 MP: 2/2
   238 | D:1      | Reached skill level 1 in Stealth
   428 | D:1      | Found a faded altar of an unknown god.
   634 | D:1      | Reached XP level 3. HP: 29/29 MP: 3/3
   925 | D:2      | Reached skill level 5 in Maces & Flails
  1286 | D:2      | Noticed Sigmund
  1489 | D:2      | Reached XP level 4. HP: 36/36 MP: 4/4
  1913 | D:3      | Found a burning altar of Makhleb.
  2078 | D:3      | Reached XP level 5. HP: 42/42 MP: 5/5
  2300 | D:4      | Reached skill level 1 in Armour
  2391 | D:4      | Found The Oracle's Delphic Readings.
  2406 | D:4      | Bought a scroll of blinking for 90 gold pieces
  2406 | D:4      | Bought a scroll of teleportation for 36 gold pieces
  2472 | D:4      | Found a sacrificial altar of Ru.
  2532 | D:4      | Noticed Eustachio
  2570 | D:4      | Killed Eustachio
  2571 | D:4      | Reached XP level 6. HP: 28/51 MP: 6/6
  2594 | D:4      | Found a shimmering blue altar of Sif Muna.
  2612 | D:4      | Found Upnef's Jewellery Emporium.
  2783 | D:4      | Found a glowing drain.
  2859 | Sewer    | Entered a sewer
  3261 | Sewer    | Found a viscous altar of Jiyva.
  3273 | Sewer    | Reached XP level 7. HP: 58/58 MP: 7/7
  4075 | D:4      | Bought a scroll of enchant weapon for 90 gold pieces
  4097 | D:5      | Entered Level 5 of the Dungeon
  4097 | D:5      | Noticed Dowan
  4097 | D:5      | Noticed Menkaure
  4275 | D:5      | Found a hide-covered altar of Uskayaw.
  4518 | D:5      | Reached skill level 5 in Fighting
  4693 | D:5      | Found a white marble altar of Elyvilon.
  4729 | D:5      | Found an iron altar of Okawaru.
  4745 | D:5      | Noticed Edmund
  4748 | D:5      | Noticed Duvessa
  4775 | D:5      | Killed Dowan
  4776 | D:5      | Reached XP level 8. HP: 57/68 MP: 8/8
  4888 | D:5      | Killed Edmund
  4889 | D:5      | Reached skill level 10 in Maces & Flails
  4940 | D:5      | Found a sparkling altar of Nemelex Xobeh.
  5108 | D:5      | Killed Menkaure
  5562 | D:6      | Found a blossoming altar of Fedhas.
  5710 | D:5      | Became a worshipper of Nemelex Xobeh the Trickster
  5800 | D:6      | Reached XP level 9. HP: 62/79 MP: 3/9
  6181 | D:5      | Found a staircase to the Ecumenical Temple.
  6424 | D:5      | Killed Duvessa
  6529 | D:7      | Found a broken altar of Ashenzari.
  7019 | D:7      | Reached skill level 1 in Shields
  7468 | D:7      | Reached * piety under Nemelex Xobeh
  7492 | D:7      | Found a glowing golden altar of the Shining One.
  7510 | D:7      | Received a gift from Nemelex Xobeh
  7591 | D:7      | Found a hazy altar of Hepliaklqana.
  8213 | D:8      | Noticed a two-headed ogre
  8227 | D:7      | Reached skill level 5 in Shields
  8573 | D:8      | Found a snail-covered altar of Cheibriados.
  8727 | D:7      | Reached skill level 5 in Armour
  8966 | D:7      | Reached XP level 10. HP: 60/90 MP: 3/10
  9207 | D:8      | Noticed a two-headed ogre
  9344 | D:8      | Killed a two-headed ogre
  9815 | D:8      | Killed a two-headed ogre
 10069 | D:8      | Noticed a two-headed ogre
 10095 | D:8      | Killed a two-headed ogre
 10218 | D:9      | Found a staircase to the Orcish Mines.
 10282 | D:9      | Reached ** piety under Nemelex Xobeh
 10392 | D:9      | Found a shimmering altar of Xom.
 10405 | D:9      | Found a staircase to the Lair.
 10449 | D:9      | Noticed a two-headed ogre
 10544 | D:9      | Noticed a two-headed ogre
 10548 | D:9      | Killed a two-headed ogre
 10549 | D:9      | Received a gift from Nemelex Xobeh
 10568 | D:9      | Found a flagged portal.
 10610 | Bailey   | Entered a bailey
 10768 | Bailey   | Identified the +7 mace of Petzis {pain, Int+2}
 10872 | Bailey   | Reached XP level 11. HP: 99/99 MP: 4/14
 10983 | Bailey   | Identified the +2 leather armour of the Heavens {Fly}
 11537 | D:9      | You fall into a shaft and drop 2 floors!
 11551 | D:10     | Entered Level 10 of the Dungeon
 11564 | D:10     | Noticed a two-headed ogre
 11584 | D:10     | Killed a two-headed ogre
 11585 | D:10     | Reached skill level 5 in Invocations
 12082 | D:9      | Found Mezim's Antique Weapon Boutique.
 12086 | D:9      | Bought an ichor-stained dire flail for 279 gold pieces
 12086 | D:9      | Identified the +5 dire flail "Nymiofos" {flame, Dex+3} (You
                  | bought it in a shop on level 9 of the Dungeon)
 12106 | D:9      | Reached skill level 10 in Fighting
 12386 | D:9      | Received a gift from Nemelex Xobeh
 12614 | D:9      | Bought a runed morningstar for 217 gold pieces
 12653 | D:9      | Killed a two-headed ogre
 12657 | Lair:1   | Entered Level 1 of the Lair of Beasts
 12798 | D:4      | Bought 3 scrolls of revelation for 270 gold pieces
 13278 | Lair:1   | Reached *** piety under Nemelex Xobeh
 13452 | Lair:2   | Found a staircase to the Snake Pit.
 14330 | Lair:2   | Noticed a five-headed hydra
 14338 | Lair:2   | Killed a five-headed hydra
 14339 | Lair:2   | Reached XP level 12. HP: 111/111 MP: 18/18
 14564 | Lair:2   | Found a staircase to the Shoals.
 15102 | Lair:3   | Reached skill level 10 in Invocations
 15122 | Lair:3   | Found a radiant altar of Vehumet.
 15236 | Lair:3   | Received a gift from Nemelex Xobeh
 15248 | Lair:3   | Reached **** piety under Nemelex Xobeh
 15354 | Lair:3   | Noticed an eight-headed hydra
 15368 | Lair:3   | Killed an eight-headed hydra
 16531 | Lair:4   | Received a gift from Nemelex Xobeh
 16904 | Lair:4   | Reached skill level 1 in Evocations
 17117 | Lair:4   | Received a gift from Nemelex Xobeh
 17294 | Lair:4   | Reached ***** piety under Nemelex Xobeh
 17410 | Lair:5   | Entered Level 5 of the Lair of Beasts
 17482 | Lair:5   | Reached XP level 13. HP: 124/124 MP: 22/22
 17676 | Lair:5   | Found a staircase to the Slime Pits.
 17680 | Lair:5   | Found a gate leading to a gauntlet.
 17696 | Lair:5   | Reached skill level 5 in Evocations
 17696 | Lair:5   | Identified the -1 trident "Ifrailom" {pain, MP+9 Dex+3}
 17728 | Gauntlet | Entered a Gauntlet
 17728 | Gauntlet | Found a transporter.
 17728 | Gauntlet | Found a transporter.
 17728 | Gauntlet | Found a transporter.
 17729 | Gauntlet | Upgraded the game from 0.32-a0-391-gce5c0aab1b to
                  | 0.32-a0-411-g744942f433
 17729 | Gauntlet | Found a transporter.
 17730 | Gauntlet | Found a transporter.
 17733 | Gauntlet | Found a transporter.
 17740 | Gauntlet | Found a transporter.
 17742 | Gauntlet | Found a transporter.
 17744 | Gauntlet | Found a transporter.
 17749 | Gauntlet | Found a transporter.
 17752 | Gauntlet | Found a transporter.
 17753 | Gauntlet | Found a transporter.
 18176 | Gauntlet | Reached skill level 15 in Fighting
 18209 | Gauntlet | Identified the +11 orcbow of Jimirin {heavy, Str+5}
 18329 | Gauntlet | Noticed a minotaur
 18343 | Gauntlet | Killed a minotaur
 18344 | Gauntlet | Identified the +0 helmet of the Iron Devil {Will+ Regen+
                  | Int-4 Dex+4}
 18384 | Gauntlet | Identified the +2 ring mail "Myebotism" {Harm rF+ rCorr
                  | Int-2}
 18560 | Lair:5   | Received a gift from Nemelex Xobeh
 18790 | Lair:5   | Reached skill level 10 in Armour
 19272 | Lair:5   | Reached XP level 14. HP: 130/135 MP: 25/25
 19750 | Lair:5   | Received a gift from Nemelex Xobeh
 19829 | Lair:5   | Reached skill level 1 in Spellcasting
 20991 | D:10     | Received a gift from Nemelex Xobeh
 21578 | D:11     | Reached skill level 5 in Spellcasting
 21583 | D:11     | Reached skill level 1 in Translocations
 21928 | D:11     | Got the Vellum of Exhalation and the Congregation
 21932 | D:11     | Learned a level 2 spell: Blink
 21935 | D:11     | Learned a level 2 spell: Lesser Beckoning
 22118 | D:12     | Received a gift from Nemelex Xobeh
 22134 | D:12     | Reached skill level 1 in Earth Magic
 22138 | D:12     | Reached skill level 1 in Summonings
 22804 | D:13     | Noticed Frances
 22919 | D:13     | Found a transporter.
 22927 | D:13     | Noticed Lodul
 22957 | D:13     | Killed Lodul
 23025 | D:13     | Identified the orb of Untruth {*Rage, +Inv Str+2 Dex+3
                  | Hexes}
 23083 | D:13     | Reached XP level 15. HP: 133/141 MP: 23/26
 23203 | D:13     | Killed Frances
 23478 | D:13     | Found a transporter.
 23511 | D:13     | Noticed Krumphau's ghost (journeyman CoHu)
 23581 | D:13     | Found a gate to the Vaults.
 23679 | D:13     | Identified the -2 cloak of Zutenaas {rElec rCorr Int+5}
 23698 | D:13     | Learned a level 3 spell: Passwall
 23872 | D:14     | Found a transporter.
 23874 | D:14     | Noticed Gonkerye's ghost (journeyman DgHu)
 23954 | D:14     | Received a gift from Nemelex Xobeh
 23976 | D:14     | Reached skill level 5 in Earth Magic
 24086 | D:14     | Found Piahor's Antique Armour Shoppe.
 24093 | D:14     | Bought a pair of glowing gloves for 172 gold pieces
 24182 | D:14     | Found Sostesch's Antique Armour Boutique.
 24214 | D:14     | Bought a faintly humming plate armour for 672 gold pieces
 24214 | D:14     | Identified the +0 plate armour of the Irksome God {Rampage
                  | +Blink Int+3} (You bought it in a shop on level 14 of the
                  | Dungeon)
 24214 | D:14     | Bought a pair of ancient gloves for 228 gold pieces
 24214 | D:14     | Identified the +1 pair of gloves of the Unbroken {rN++
                  | Int-4 Stlth+} (You bought it in a shop on level 14 of the
                  | Dungeon)
 24305 | D:14     | Reached skill level 5 in Summonings
 24563 | D:14     | Received a gift from Nemelex Xobeh
 24636 | D:14     | Found a transporter.
 24698 | D:15     | Entered Level 15 of the Dungeon
 24833 | D:15     | Found Mexkudam's Magic Scroll Emporium.
 24836 | D:15     | Bought a scroll of identify for 34 gold pieces
 24836 | D:15     | Bought a scroll of identify for 34 gold pieces
 24836 | D:15     | Identified a scroll of acquirement
 24934 | D:15     | Paralysed by a hornet for 2 turns
 25027 | D:15     | Found Beyst's Weapon Boutique.
 25152 | D:15     | Found Saijuw's Antique Armour Boutique.
 25158 | D:15     | Acquired 479 gold pieces
 25160 | D:15     | Bought a pair of embroidered boots for 300 gold pieces
 25320 | D:15     | Found a bloodstained altar of Trog.
 25325 | D:15     | Got Cabrowk's Omnibus of Lightning
 25406 | D:15     | Learned a level 4 spell: Animate Armour
 25496 | D:15     | Found a staircase to the Depths.
 25718 | Orc:1    | Entered Level 1 of the Orcish Mines
 25718 | Orc:1    | Found Qeopp's Antique Armour Shop.
 25732 | Orc:1    | Noticed Fannar
 25743 | Orc:1    | Killed Fannar
 25812 | Orc:1    | Reached ****** piety under Nemelex Xobeh
 26009 | Orc:1    | Received a gift from Nemelex Xobeh
 26225 | Orc:1    | Found a bloodstained altar of Trog.
 26326 | Orc:2    | Entered Level 2 of the Orcish Mines
 26447 | Orc:2    | Received a gift from Nemelex Xobeh
 26483 | Orc:2    | Noticed Rupert
 26505 | Orc:2    | Killed Rupert
 26528 | Orc:2    | Found a staircase to the Elven Halls.
 26944 | Orc:2    | Reached XP level 16. HP: 79/149 MP: 10/27
 27126 | Orc:1    | Found a roughly hewn altar of Beogh.
 27248 | Orc:2    | Received a gift from Nemelex Xobeh
 27616 | Orc:2    | Found Rosep's Jewellery Shop.
 27616 | Orc:2    | Found Uvidy's Armour Emporium.
 27618 | Orc:2    | Found Duqahown's Armour Shop.
 27618 | Orc:2    | Found Coseum's Distillery.
 27810 | Snake:1  | Entered Level 1 of the Snake Pit
 28004 | Snake:1  | Noticed Louise
 28043 | Snake:1  | Killed Louise
 28052 | Snake:1  | Reached skill level 5 in Translocations
 28402 | Snake:1  | Noticed Agnes
 28412 | Snake:1  | Agnes changed into Agnes the acid dragon
 28412 | Snake:1  | Noticed Agnes
 28415 | Snake:1  | Killed Agnes the acid dragon
 28473 | Snake:1  | Received a gift from Nemelex Xobeh
 29179 | Snake:1  | Noticed Donald
 29194 | Snake:1  | Killed Donald
 29791 | Snake:1  | Learned a level 4 spell: Manifold Assault
 29796 | Snake:1  | Learned a level 4 spell: Passage of Golubria
 30008 | Snake:2  | Received a gift from Nemelex Xobeh
 30199 | Snake:2  | Received a gift from Nemelex Xobeh
 30303 | Snake:2  | Identified the serpent talisman of Eternity {Dex+2}
 30303 | Snake:2  | Noticed Aizul
 30312 | Snake:2  | Killed Aizul
 30313 | Snake:2  | Reached skill level 15 in Invocations
 30571 | Snake:2  | Noticed Vashnia
 30719 | Snake:2  | Received a gift from Nemelex Xobeh
 30883 | Snake:2  | Vashnia changed into Vashnia the boulder beetle
 30883 | Snake:2  | Noticed Vashnia
 30883 | Snake:2  | Vashnia the boulder beetle changed into Vashnia the emperor
                  | scorpion
 30883 | Snake:2  | Noticed Vashnia
 30896 | Snake:2  | Killed Vashnia the emperor scorpion
 31752 | Snake:2  | You fall into a shaft and drop 1 floor!
 32063 | Snake:3  | Received a gift from Nemelex Xobeh
 32105 | Snake:3  | Got the Elucidation of Torrid Alteration
 32306 | Snake:3  | Found a broken altar of Ashenzari.
 32318 | Snake:3  | Received a gift from Nemelex Xobeh
 32696 | Snake:3  | Received a gift from Nemelex Xobeh
 32810 | Snake:3  | Reached XP level 17. HP: 158/158 MP: 29/29
 33285 | Snake:4  | Entered Level 4 of the Snake Pit
 33398 | Snake:4  | Found Vekamaci's Antique Weapon Shoppe.
 33408 | Snake:4  | Bought an iridescent broad axe for 324 gold pieces
 33408 | Snake:4  | Identified the +1 broad axe of Zizir {speed, rElec Dex+3}
                  | (You bought it in a shop on level 4 of the Snake Pit)
 33566 | Snake:4  | Received a gift from Nemelex Xobeh
 33947 | Snake:4  | Received a gift from Nemelex Xobeh
 35424 | Snake:4  | Got a serpentine rune of Zot
 35720 | D:15     | Bought a translucent scarf for 400 gold pieces
 35720 | D:15     | Identified the scarf "Leniycupn" {rC+ rF+, SInv Stlth+}
                  | (You bought it in a shop on level 15 of the Dungeon)
 35903 | Shoals:1 | Entered Level 1 of the Shoals
 35909 | Shoals:1 | Reached skill level 1 in Axes
 35979 | Shoals:1 | Received a gift from Nemelex Xobeh
 36382 | Shoals:1 | Reached skill level 5 in Axes
 36869 | Shoals:1 | Noticed Mlioglotl
 36886 | Shoals:1 | Killed Mlioglotl
 37230 | Shoals:1 | Received a gift from Nemelex Xobeh
 37727 | Shoals:2 | Received a gift from Nemelex Xobeh
 37769 | Shoals:2 | Reached XP level 18. HP: 154/169 MP: 27/31
 37808 | Shoals:2 | Noticed Polyphemus
 38023 | Shoals:2 | Reached skill level 10 in Axes
 38047 | Shoals:2 | Noticed Ilsuiw
 38070 | Shoals:2 | Killed Ilsuiw
 38121 | Shoals:2 | Received a gift from Nemelex Xobeh
 38184 | Shoals:2 | Killed Polyphemus
 38899 | Lair:2   | Acquired the ring "Qezita" {*Slow rC+ MP+9 Int+7}
 38901 | Lair:2   | Acquired the +2 pair of gloves of Tyh Olass {Str+2}
 40592 | Shoals:4 | Entered Level 4 of the Shoals
 40763 | Shoals:4 | Received a gift from Nemelex Xobeh
 40815 | Shoals:4 | Identified the ring of Jyeshrid {rF+ rN+}
 41042 | Shoals:4 | Found the +15 Maxwell's patent armour {-Cast -Tele rElec
                  | Will+ rCorr}
 41099 | Shoals:4 | Received a gift from Nemelex Xobeh
 41323 | Shoals:4 | Got a barnacled rune of Zot
 42186 | D:13     | Killed Krumphau's ghost
 42187 | D:13     | Reached skill level 15 in Axes
 42223 | D:13     | Identified the +1 pair of gloves of Joivvuor {^Contam
                  | ^Drain rPois Int+4 Dex+3}
 42350 | D:14     | Killed Gonkerye's ghost
 42462 | Vaults:1 | Entered Level 1 of the Vaults
 42518 | Vaults:1 | Found a flickering gateway to a bazaar.
 42518 | Vaults:1 | Noticed Saint Roka
 42544 | Vaults:1 | Killed Saint Roka
 42606 | Bazaar   | Entered a bazaar
 42623 | Bazaar   | Found Huepnax's General Store.
 42634 | Bazaar   | Found Xoijuol's Antique Armour Boutique.
 42646 | Bazaar   | Found Efyom's Antique Armour Emporium.
 42657 | Bazaar   | Found Bienn's Assorted Antiques.
 42682 | Bazaar   | Bought the +3 pair of mountain boots {steadfast, rC+} for
                  | 1239 gold pieces
 42682 | Bazaar   | Found the +3 pair of mountain boots {steadfast, rC+}
 42701 | Bazaar   | Bought a scroll of blinking for 67 gold pieces
 42701 | Bazaar   | Bought a potion of ambrosia for 72 gold pieces
 42701 | Bazaar   | Bought a scroll of enchant armour for 67 gold pieces
 42749 | Vaults:1 | Received a gift from Nemelex Xobeh
 42983 | Vaults:1 | Noticed Norris
 42991 | Vaults:1 | Killed Norris
 43074 | Vaults:1 | Reached XP level 19. HP: 169/177 MP: 30/32
 43242 | Vaults:1 | Received a gift from Nemelex Xobeh
 43829 | Vaults:1 | Received a gift from Nemelex Xobeh
 44107 | Vaults:1 | Received a gift from Nemelex Xobeh
 44452 | Vaults:2 | Reached skill level 5 in Dodging
 44489 | Vaults:2 | Found a staircase to the Crypt.
 44569 | Vaults:2 | Received a gift from Nemelex Xobeh
 44995 | Vaults:2 | Received a gift from Nemelex Xobeh
 45008 | Vaults:2 | Reached skill level 10 in Shields
 45238 | Vaults:2 | Found a runed translucent gate.
 45238 | Vaults:2 | Found a runed translucent gate.
 45238 | Vaults:2 | Found a runed translucent gate.
 45238 | Vaults:2 | Noticed Qeunemit's ghost (adept GrFi)
 45556 | Vaults:2 | Identified the ring "Tunwom" {rF+ MP+9}
 46152 | Vaults:2 | Identified the +8 lajatang of Odeifis {venom, Stlth+}
 46242 | Vaults:2 | Banished Qeunemit's ghost
 46388 | Vaults:2 | Found a roughly hewn altar of Beogh.
 46450 | Vaults:3 | Received a gift from Nemelex Xobeh
 46574 | Vaults:3 | Found a flickering gateway to a bazaar.
 46600 | Bazaar   | Entered a bazaar
 46600 | Bazaar   | Found Cephatze's Antique Armour Shop.
 46600 | Bazaar   | Found Xefac's Antique Weapon Shop.
 46642 | Bazaar   | Found Ibaew's General Store.
 46675 | Bazaar   | Bought a warped scale mail for 207 gold pieces
 46675 | Bazaar   | Identified the +8 scale mail of Ajumo {Regen+} (You bought
                  | it in a shop in a bazaar)
 46720 | Vaults:3 | Reached XP level 20. HP: 184/184 MP: 30/33
 47436 | Vaults:3 | Got the Collected Works on Guile
 47639 | Vaults:3 | Reached skill level 15 in Shields
 47673 | Vaults:3 | Received a gift from Nemelex Xobeh
 47981 | Vaults:3 | Identified the +5 quarterstaff of Imbalance {speed, rPois}
 48030 | Vaults:3 | Found a runed translucent gate.
 48030 | Vaults:3 | Found a runed translucent gate.
 48030 | Vaults:3 | Found a runed translucent gate.
 48031 | Vaults:3 | Noticed Qeunemit's ghost (adept GrFi)
 48031 | Vaults:3 | Noticed Xedevy's ghost (adept KoEn)
 48631 | Vaults:3 | Killed Qeunemit's ghost
 48632 | Vaults:3 | Reached skill level 10 in Summonings
 48655 | Vaults:3 | Killed Xedevy's ghost
 48793 | Vaults:4 | Received a gift from Nemelex Xobeh
 49159 | Vaults:4 | Received a gift from Nemelex Xobeh
 49407 | Vaults:4 | Received a gift from Nemelex Xobeh
 49658 | Vaults:4 | Reached skill level 5 in Throwing
 49779 | Vaults:5 | Entered Level 5 of the Vaults
 49843 | Vaults:5 | Reached XP level 21. HP: 175/191 MP: 18/34
 49860 | Vaults:5 | Identified the +5 rapier of Zin's Supremacy {elec, Str+3
                  | Int+2 Dex+2}
 50326 | Vaults:5 | Identified the +4 scale mail "Cediggef" {^Drain rC- rN+
                  | Will++ Slay+2}
 50348 | Vaults:5 | Identified the +2 trident of Eternal War {spect, *Noise rF+
                  | rC++ rN++}
 50416 | Vaults:5 | Got a silver rune of Zot
 50496 | Vaults:5 | Noticed a golden dragon
 50511 | Vaults:5 | Killed a golden dragon
 50548 | Vaults:5 | Identified the +10 gold dragon scales of the Pure Loving
                  | Tusks {^Contam rElec rPois rF+ rC+ Regen+ Dex+4}
 50548 | Vaults:5 | Identified the ring of Demons {EV+5 Stlth+}
 50981 | Vaults:5 | Identified the ring of Dagistiq {Ice rPois rN+++ Will-}
 51027 | Vaults:5 | Reached skill level 10 in Evocations
 51168 | Vaults:5 | Identified the +3 robe of Lesser Demons {Will++ Stlth-}
 51242 | Vaults:5 | Received a gift from Nemelex Xobeh
 51278 | Vaults:5 | Got the Directory of Doom
 51324 | Vaults:5 | Noticed an ancient lich
 51324 | Vaults:5 | Noticed an ancient lich
 51344 | Vaults:5 | Killed an ancient lich
 51356 | Vaults:5 | Killed an ancient lich
 51786 | Vaults:5 | Received a gift from Nemelex Xobeh
 51804 | Vaults:5 | Found Qiboudor's General Store.
 52266 | Depths:1 | Entered Level 1 of the Depths
 52735 | Depths:1 | Found a one-way gate leading to the halls of Pandemonium.
 52935 | Depths:1 | Reached XP level 22. HP: 203/203 MP: 35/35
 53100 | Depths:1 | Received a gift from Nemelex Xobeh
 53116 | Depths:1 | Found a gateway to Hell.
 53669 | Depths:2 | Found a stormy altar of Qazlal.
 53762 | Depths:2 | Received a gift from Nemelex Xobeh
 53790 | Depths:2 | Reached skill level 10 in Earth Magic
 54063 | Depths:2 | Found the +5 robe of Night {Dark Will+ SInv}
 54270 | Depths:2 | Found Azygg's Book Emporium.
 54383 | Depths:2 | Reached skill level 15 in Armour
 54656 | Depths:3 | Received a gift from Nemelex Xobeh
 54657 | Depths:3 | Found a one-way gate to the infinite horrors of the Abyss.
 55458 | Depths:3 | Noticed a juggernaut
 55482 | Depths:3 | Killed a juggernaut
 55490 | Abyss:2  | Cast into level 2 of the Abyss (spriggan defender)
 55511 | Depths:3 | Escaped the Abyss
 55701 | Depths:3 | Acquired the scarf "Tyimiori" {rC+ rF+, rCorr Str+3 SInv}
 55754 | Depths:3 | Identified the +3 hand axe "Susuunk" {holy, *Corrode rF+
                  | rC++}
 56059 | Depths:4 | Entered Level 4 of the Depths
 56062 | Depths:4 | Found a transporter.
 56062 | Depths:4 | Found Vammed's Antique Weapon Boutique.
 56071 | Depths:4 | Found a transporter.
 56244 | Depths:4 | Received a gift from Nemelex Xobeh
 56269 | Depths:4 | Reached XP level 23. HP: 105/204 MP: 16/36
 56894 | Orc:2    | Bought a potion of haste for 150 gold pieces
 56894 | Orc:2    | Bought a potion of magic for 120 gold pieces
 57329 | Depths:4 | Found a gate to the Realm of Zot.
 57926 | Depths:4 | Found a one-way gateway to a ziggurat.
 57971 | Depths:4 | Noticed a juggernaut
 57986 | Depths:4 | Killed a juggernaut
 58549 | Zot:1    | Entered Level 1 of the Realm of Zot
 58562 | Zot:1    | Received a gift from Nemelex Xobeh
 58601 | Zot:1    | Reached skill level 10 in Translocations
 58910 | Zot:1    | Noticed Grunn
 58929 | Zot:1    | Killed Grunn
 59074 | Zot:1    | Acquired the scarf of Ytruril {rC+ rF+, Int+4}
 59289 | Zot:1    | Received a gift from Nemelex Xobeh
 61100 | Zot:2    | Identified the dragon-blood talisman of the Evil One {rF+
                  | Str-5 Int+7 Dex+3}
 61179 | Zot:3    | Received a gift from Nemelex Xobeh
 61226 | Zot:2    | Noticed a curse toe
 61255 | Zot:2    | Killed a curse toe
 61402 | Zot:2    | Noticed a curse toe
 61411 | Zot:2    | Killed a curse toe
 62280 | Zot:3    | Reached XP level 24. HP: 215/225 MP: 32/36
 62388 | Zot:3    | Identified the ring "Affoeteirr" {Ice rPois}
 62388 | Zot:3    | Noticed Josephina
 62402 | Zot:3    | Killed Josephina
 62465 | Zot:3    | Received a gift from Nemelex Xobeh
 63330 | Zot:4    | Received a gift from Nemelex Xobeh
 63495 | Zot:4    | Noticed an orb of fire
 63529 | Zot:4    | Killed an orb of fire
 63603 | Zot:5    | Entered Level 5 of the Realm of Zot
 63605 | Zot:5    | Noticed an orb of fire
 63698 | Zot:4    | Identified the +2 pair of boots of Valiance {Harm ^Drain
                  | Str+3 Int+3}
 63912 | Zot:4    | Got the Spellbook of The Black Sun
 64099 | Zot:5    | Killed an orb of fire
 64364 | Zot:5    | Received a gift from Nemelex Xobeh
 64880 | Zot:5    | Noticed a dread lich
 64903 | Zot:5    | Killed a dread lich
 64915 | Zot:5    | Noticed an orb of fire
 64933 | Zot:5    | Killed an orb of fire
 65091 | Zot:5    | Noticed an orb of fire
 65132 | Zot:5    | Gained mutation: You are vulnerable to heat. (rF-) [an orb
                  | of fire]
 65133 | Zot:5    | Gained mutation: You are clumsy. (Dex -2) [an orb of fire]
 65141 | Zot:5    | Killed an orb of fire
 65257 | Zot:5    | Noticed an orb of fire
 65268 | Zot:5    | Killed an orb of fire
 65322 | Zot:5    | Reached XP level 25. HP: 234/235 MP: 34/37
 65504 | Zot:5    | Noticed a Killer Klown
 65504 | Zot:5    | Noticed an orb of fire
 65504 | Zot:5    | Noticed a dread lich
 65504 | Zot:5    | Noticed a Killer Klown
 65560 | Zot:5    | Banished a Killer Klown
 65575 | Zot:5    | Noticed an ancient lich
 65595 | Zot:5    | Killed an ancient lich
 65736 | Zot:5    | Killed a dread lich
 65797 | Zot:5    | Killed an orb of fire
 65798 | Zot:5    | Reached skill level 10 in Throwing
 66191 | Zot:5    | Noticed a dread lich
 66214 | Zot:5    | Killed a dread lich
 66529 | Zot:5    | Killed a Killer Klown
 66590 | Zot:5    | Got the Orb of Zot
 67102 | D:$      | Escaped with the Orb!

Illustrated notes

Levels and vault maps discovered:
D:1:      psy_arrival_whirlpool, layout_rooms,
          shapermc_ecumenical_altar_pompeii, minmay_misc_feat_room,
          grunt_decor_one_mirror
D:2:      layout_basic, cheibrodos_gnoll_hut, uniq_sigmund
D:3:      layout_basic, bloody_makhleb
D:4:      layout_basic, nicolae_ru_sacrificial_ziggurat,
          overflow_temple_1_default, lightli_sewer_entry_pipes, serial_shops,
          shop, nicolae_nh_oracle_at_delphi, uniq_eustachio
D:5:      layout_cave_pools, nicolae_overflow_hidden_temple,
          mainiacjoe_overflow_catch_the_wave, old_standard_altar,
          minmay_temple_entry_junction_2, uniq_edmund, uniq_duvessa,
          uniq_menkaure
D:6:      layout_rooms, amcnicky_altar_gilded
D:7:      layout_gridville, evilmike_ruin_ashenzari,
          nicolae_tso_carved_into_rock, worldfamousw_hep_ancestral_shrine,
          serial_bayou_pond_c
D:8:      layout_layer_cave, cheibriados_altar_1, nicolae_phantomly_mirrored
D:9:      layout_cave_pools, xom_teletrap_fun, lair_entry_dummy, orc_0_dummy,
          serial_gnoll_camp, gnoll_camp_mini_loothouse, gnoll_camp_mini_hut,
          gnoll_camp_huts_basic, gnoll_camp_mini_house, gnoll_camp_mini_shop,
          enter_bailey_2, st_stairs_5, minmay_quadrilaterals
D:10:     layout_long_grid
D:11:     layout_layer_cave, serial_undead, serial_undead_a, serial_undead_e,
          serial_undead_d, serial_undead_a, serial_undead_d
D:12:     layout_small_grid
D:13:     layout_basic, grunt_vaults_entry_tiered,
          gammafunk_ghost_berserking_beasts, uniq_lodul, uniq_frances
D:14:     layout_long_grid, serial_shops, shop, shop_statue,
          kennysheep_another_room, gammafunk_ghost_mausoleum
D:15:     grunt_enter_depths_magical_seal, layout_loops_ring,
          lemuel_coloured_pillars_altar, serial_shops,
          nicolae_shop_behind_doors, nicolae_shop_getting_attention,
          nicolae_shop_tiny_real_fake_doors
Lair:1:   layout_roguey
Lair:2:   layout_hall_layers, elwin_shoals_entry_rooms,
          guppyfry_snake_entry_garden
Lair:3:   layout_roguey, basic_altar, serial_bayou_pond_c, beast_lair_carwin_5
Lair:4:   layout_misc_corridors
Lair:5:   hangedman_lair_tendril_chambers, layout_cave_pods, slime_entry_1,
          gauntlet_entry_generic, grunt_forest_stairs_basic, st_stairs_5,
          serial_bayou_shore_a, serial_bayou_shore_b
Shoals:1: layout_shoals, uniq_mlioglotl
Shoals:2: layout_shoals, uniq_ilsuiw, uniq_polyphemus
Shoals:3: layout_shoals, shoals_oasis, nicolae_shoals_hidden_pirate_stash
Shoals:4: shoals_end_hangedman, layout_shoals
Snake:1:  layout_chambers, grunt_megastairs_5, uniq_donald, uniq_louise,
          uniq_agnes
Snake:2:  layout_layer_cave, uniq_aizul, uniq_vashnia
Snake:3:  layout_chambers, basic_altar, serial_bayou_shore_b
Snake:4:  grunt_snake_rune_spirals, layout_onion, serial_shops, shop,
          special_room, drop_trap
Orc:1:    layout_diamond_mine, basic_altar, serial_shops,
          nicolae_shop_waterfront, trog_butcher_becter, uniq_fannar
Orc:2:    grunt_orc_tribal_feast, layout_diamond_mine, nicolae_orc_lava_tube,
          uniq_rupert
Vaults:1: v_misc_27, nicolae_vaults_enemy_cabinets, vaults_dpeg_encased_lava,
          v_misc_3, ontoclasm_vaults_eye, nicolae_vaults_network_s,
          nicolae_vaults_tetromino_T_1, layout_vaults_quadrants, serial_shops,
          statue_bzr, uniq_saint_roka, uniq_norris
Vaults:2: biasface_ghost_orc_armoury, minmay_crypt_entry_nasty_monster,
          vaults_room_grunt_arrival_ludios, vaults_dpeg_hooks, v_alt_pattern_6,
          nicolae_vaults_storage_closets_2, hangedman_vaults_cutoff, v_misc_18,
          nicolae_vaults_trapezoid_lopsided_1, vaults_room_guarded_vault,
          ontoclasm_vaults_loading_screen, nicolae_vaults_mini_display_case,
          vaults_room_semicircle, layout_vaults_chaotic_city
Vaults:3: gammafunk_ghost_cemetery, hangedman_vaults_trim, vaults_dpeg_cross,
          vaults_room_pools, vaults_room_door_ring, v_rooms_2, st_eye,
          vaults_room_pools, ontoclasm_vaults_fault, nicolae_vaults_two_Ls,
          nicolae_vaults_house_2, vaults_room_large_hall, layout_vaults_ring,
          serial_shops, bzr_entry_islet
Vaults:4: nicolae_vaults_hallways_thing, hangedman_vaults_nodes, v_misc_33,
          nicolae_vaults_mitosis, nicolae_vaults_sesquioval_fish,
          ontoclasm_vaults_hangar, vaults_standard_mumra_enter_the_diamond,
          nicolae_vaults_prndl, vaults_room_corners, v_misc_16,
          serial_library_hellmonk_semicircle, layout_vaults_maze_snakey
Vaults:5
Depths:1: layout_forbidden_donut, pan_entry, grunt_mini_vestibule,
          chequers_serial_rivers_room_a, hangedman_glass_teeth,
          kennysheep_just_a_vault
Depths:2: hangedman_stitches_corridor, layout_cross, serial_shops, shop,
          hell_entry, rand_demon_pan_entry_1, nicolae_qazlal_scattered_showers,
          minmay_misc_feat_four_crosses, glass_columns_a, evilmike_butchery
Depths:3: minmay_the_grid_square_5x5_4x4_mashed
          [minmay_the_grid_square_5x5_beaten_path,
          minmay_the_grid_square_5x5_almost_minimal,
          minmay_the_grid_square_5x5_misaligned,
          minmay_the_grid_square_5x5_inner_i,
          minmay_the_grid_square_5x5_three_walls,
          minmay_the_grid_square_5x5_prize_deathbox,
          minmay_the_grid_square_5x5_prize_itemx,
          minmay_the_grid_square_5x5_checkered,
          minmay_the_grid_square_5x5_n_small,
          minmay_the_grid_square_5x5_prize_junk,
          minmay_the_grid_square_5x5_prize_snowflake,
          minmay_the_grid_square_5x5_inner_z, minmay_the_grid_square_5x5_spiral,
          minmay_the_grid_square_5x5_minimal, minmay_the_grid_square_5x5_bite,
          minmay_the_grid_square_5x5_three], layout_honeycomb,
          nicolae_concentric_dashed_squares_mild, abyss_entry,
          hangedman_coc_ice_floe, drop_trap, minmay_misc_feat_cross
Depths:4: grunt_crosshair, layout_gridlike, enter_ziggurat_a, hell_entry,
          rand_demon_pan_entry_7, serial_shops, nicolae_shop_drivethru
Zot:1:    layout_basic, uniq_grunn
Zot:2:    layout_cathedral_of_symmetry
Zot:3:    layout_misc_corridors, hangedman_zot_decor_checkerboard,
          regret_index_zotdec_banners, uniq_josephina
Zot:4:    dreamdust_black_sun_cult, layout_onion_interference,
          hangedman_zot_gyre
Zot:5:    layout_onion

Skill      XL: |  1  2  3  4  5  6  7  8  9 10 11 12 13 14 15 16 17 18 19 20 21 22 23 24 25 |
---------------+----------------------------------------------------------------------------+-----
Maces & Flails | 4 5 6 7 9 12 13 14 | 14.0
Stealth        | 1 |  1.0
Armour         | 2 5 8 10 12 14 15 16 17 18 | 18.5
Fighting       | 3 5 7 8 9 11 14 15 17 18 19 20 21 | 21.8
Shields        | 5 6 7 13 16 17 18 19 | 19.8
Invocations    | 4 9 13 14 15 17 19 20 21 | 21.1
Evocations     | 2 5 6 8 10 | 10.0
Spellcasting   | 5 7 8 9 |  9.0
Translocations | 4 8 9 10 | 10.0
Earth Magic    | 3 9 11 12 | 12.0
Summonings     | 3 8 9 10 11 | 11.0
Axes           | 8 15 | 15.9
Dodging        | 3 6 7 8 9 |  9.5
Throwing       | 7 8 9 10 | 10.0

Action                     |  1- 3 |  4- 6 |  7- 9 | 10-12 | 13-15 | 16-18 | 19-21 | 22-24 | 25-27 || total
---------------------------+-------+-------+-------+-------+-------+-------+-------+-------+-------++-------
  Melee: Flail             |   100 |    59 |   110 |       |       |       |       |       |       ||   269
         Whip              |       |   255 |    82 |       |       |       |       |       |       ||   337
         Morningstar       |       |       |   213 |   153 |       |       |       |       |       ||   366
         Dire flail        |       |       |       |   482 |  1410 |  1241 |       |       |       ||  3133
         Mace              |       |       |       |   115 |       |       |       |       |       ||   115
         Broad axe         |       |       |       |       |       |   385 |  1535 |  2121 |   377 ||  4418
         Great mace        |       |       |       |       |       |       |    42 |       |       ||    42
   Fire: Sling             |       |       |   131 |    67 |       |       |       |       |       ||   198
  Throw: Throwing net      |     3 |     3 |       |       |       |       |       |       |       ||     6
         Javelin           |     1 |       |       |       |       |       |       |    10 |       ||    11
         Stone             |       |     1 |     5 |    14 |     3 |       |       |       |       ||    23
         Dart              |       |       |       |       |     5 |     9 |     2 |       |       ||    16
   Cast: Lesser Beckoning  |       |       |       |       |     9 |    74 |    26 |     6 |     1 ||   116
         Animate Armour    |       |       |       |       |     7 |    98 |    63 |    60 |    18 ||   246
         Manifold Assault  |       |       |       |       |       |     3 |       |     1 |     8 ||    12
         Blink             |       |       |       |       |       |     2 |     2 |       |       ||     4
 Invoke: Draw Destruction  |       |       |     1 |    16 |     9 |    11 |     3 |       |     1 ||    41
         Draw Summoning    |       |       |       |     1 |     3 |     2 |     4 |     6 |       ||    16
         Draw Stack        |       |       |       |       |     5 |     2 |     2 |       |     1 ||    10
         Stack Five        |       |       |       |       |     2 |       |     1 |       |       ||     3
         Deal Four         |       |       |       |       |       |     4 |     3 |     3 |       ||    10
         Triple Draw       |       |       |       |       |       |     1 |       |       |       ||     1
         Draw Escape       |       |       |       |       |       |     1 |     3 |       |       ||     4
  Evoke: Wand              |       |       |     8 |     5 |     2 |       |       |     1 |       ||    16
         Phantom mirror    |       |       |       |     1 |     1 |       |       |       |       ||     2
         Box of beasts     |       |       |       |       |       |       |       |     1 |       ||     1
    Use: Scroll            |       |     8 |     3 |    10 |    11 |    14 |     6 |    13 |     2 ||    67
         Potion            |       |     3 |     4 |     1 |     5 |     2 |     2 |     3 |     3 ||    23
   Stab: Distracted        |       |       |       |       |       |     4 |     6 |    14 |       ||    24
         Confused          |       |       |       |       |       |       |     3 |       |       ||     3
         Petrified         |       |       |       |       |       |       |       |     4 |       ||     4
 Armour: Leather armour    |    57 |    25 |    69 |    43 |       |       |       |       |       ||   194
         Scale mail        |       |    93 |   264 |       |       |       |       |       |       ||   357
         Skin              |       |    69 |       |       |       |       |       |    20 |       ||    89
         Plate armour      |       |       |       |   421 |  1111 |  1496 |   562 |       |       ||  3590
         Gold dragon scale |       |       |       |       |       |       |   131 |   899 |   141 ||  1171
  Dodge: Dodged            |    58 |   102 |   251 |   296 |   589 |   437 |   390 |   478 |    61 ||  2662
  Block: Kite shield       |       |       |    97 |   117 |       |       |   427 |   591 |       ||  1232
         Other             |       |       |       |       |    22 |       |       |       |       ||    22
         Reflection        |       |       |       |       |     1 |       |       |       |       ||     1
         Buckler           |       |       |       |       |       |   108 |   120 |       |       ||   228
         Tower shield      |       |       |       |       |       |       |       |   998 |   259 ||  1257

Table legend: (Time is in decaauts)
 A = Elapsed time spent in this place.
 B = Non-inter-level travel time spent in this place.
 C = Inter-level travel time spent in this place.
 D = Time resting spent in this place.
 E = Time spent auto-exploring this place.
 F = Levels seen in this place.
 G = Mean time per level.
                   A        B        C        D        E       F      G
               +--------+--------+--------+--------+--------+-----+--------+
         Total |  63966 |  55007 |   8959 |   3978 |  32104 |  50 | 1279.3 |
       Dungeon |  19563 |  15341 |   4222 |   1695 |   7332 |  15 | 1304.2 |
          Lair |   7409 |   6163 |   1246 |    330 |   4063 |   5 | 1481.8 |
        Shoals |   4878 |   4599 |    279 |    248 |   2670 |   4 | 1219.5 |
     Snake Pit |   7974 |   7200 |    774 |    425 |   5237 |   4 | 1993.5 |
  Orcish Mines |   2082 |   1765 |    317 |    191 |    957 |   2 | 1041.0 |
        Vaults |   8878 |   7634 |   1244 |    200 |   4890 |   5 | 1775.6 |
        Depths |   4455 |   3919 |    536 |     46 |   2759 |   4 | 1113.8 |
           Zot |   6616 |   6277 |    339 |    562 |   3487 |   5 | 1323.2 |
         Abyss |     20 |     20 |      0 |      0 |      0 |   1 |   20.0 |
        Bazaar |    196 |    196 |      0 |      0 |    100 |   2 |   98.0 |
         Sewer |    681 |    681 |      0 |     22 |    442 |   1 |  681.0 |
        Bailey |    575 |    575 |      0 |     62 |    104 |   1 |  575.0 |
      Gauntlet |    633 |    633 |      0 |    196 |     59 |   1 |  633.0 |
               +--------+--------+--------+--------+--------+-----+--------+

Top non-repeatable levels by time:
Vaults:2: 2279 daAuts
   Zot:5: 2218 daAuts
 Snake:2: 2189 daAuts
 Snake:4: 2173 daAuts
 Snake:1: 2124 daAuts
Vaults:1: 2100 daAuts
     D:8: 2072 daAuts
     D:7: 2040 daAuts
    D:13: 2037 daAuts
  Lair:5: 1981 daAuts
Vaults:5: 1973 daAuts
     D:9: 1645 daAuts
Shoals:1: 1602 daAuts
  Lair:1: 1562 daAuts
Vaults:3: 1550 daAuts
